cohdb
Replays
Latest Replays
All Replays
Popular Replays
Top Player Replays
Match Explorer
How It Works
Community
CoH3 Stats
Reddit
Sign in to upload your games and track your stats! →
Sign in with Steam
Match 30579746
Unlisted
Match 30579746
Overview
Messages
Build Orders
End
Construct Section Command Post
Infantry Section
Infantry Section
Selects Air and Sea Battlegroup
Infantry Section
Infantry Section
Selects Supply Surplus
Construct Platoon Command Post
Construct Resource Cache
6-pounder Anti-tank Gun Team
Forward Retreat Point
guxun
DeSack'O'Potatoes
youcanyouup
人怂手抖不敢刚
Isumaya
Finx
屑不肉
matrix4x4
0
0
Comments
sign in to comment!
No comments posted yet!